 Dungeon Crawl Stone Soup version 0.21.1-1-g345015f (webtiles) character file.

1391 kae the Changer (level 8, -4/36 HPs)
             Began as a Felid Transmuter on June 3, 2018.
             Was an Elder of Okawaru.
             Splashed by a jelly's acid (6 damage)
             ... on level 7 of the Dungeon.
             The game lasted 00:08:47 (9328 turns).

kae the Changer (Felid Transmuter)                  Turns: 9328, Time: 00:08:48

Health: -4/36      AC: -2    Str:  6    XL:     8   Next: 40%
Magic:  15/15      EV: 23    Int: 15    God:    Okawaru [****..]
Gold:   260        SH:  0    Dex: 19    Spells: 0/15 levels left
                                        Lives:  0   Deaths: 2

rFire    . . .     SeeInvis +     - Unarmed
rCold    . . .     Gourm    .   (shield unavailable)
rNeg     . . .     Faith    .   (armour unavailable)
rPois    +         Spirit   .   (helmet unavailable)
rElec    .         Reflect  .   (cloak unavailable)
rCorr    .         Harm     .   (gloves unavailable)
MR       +....                  (boots unavailable)
Stlth    +.........             (no amulet)
HPRegen  0.12/turn              h - ring of poison resistance
MPRegen  0.14/turn              t - ring of loudness (curse)

@: corroded, quick
A: very small, no armour, no weapons or thrown items, stealth, claws 1, fangs 3,
see invisible, carnivore, speed 1, shaggy fur 2, slow metabolism 1, sharp paws
a: Heroism, Renounce Religion


You were on level 7 of the Dungeon.
You worshipped Okawaru.
Okawaru was greatly pleased with you.
You were very full.

You visited 1 branch of the dungeon, and saw 7 of its levels.
You also visited: Sewer.

You collected 260 gold pieces.

Inventory:

Missiles
 a - 24 arrows
Jewellery
 h - a ring of poison resistance (left paw)
 p - an uncursed ring of see invisible {unknown}
 t - a cursed ring of loudness (right paw)
Wands
 o - a wand of disintegration (8)
 q - a wand of flame (29)
Scrolls
 l - a scroll of amnesia
 v - 5 scrolls of remove curse
 w - a scroll of teleportation
 x - a scroll of fear {unknown}
 y - 2 scrolls of fog
Potions
 d - 5 potions of lignification
 e - 3 potions of cancellation
 f - 3 potions of degeneration {unknown}
 g - a potion of brilliance {unknown}
 i - 2 potions of magic {unknown}
 j - 2 potions of heal wounds {unknown}
 k - 4 potions of curing {unknown}
 m - a potion of resistance {unknown}
 n - 2 potions of agility
 r - a potion of mutation {unknown}
 s - 2 potions of haste {unknown}
 u - 4 potions of might {unknown}
Books
 b - a book of Changes

   Spells                             Type                      Level
   a - Beastly Appendage              Transmutation                1
   b - Sticks to Snakes               Transmutation                2
   c - Spider Form                    Transmutation/Poison         3
   d - Ice Form                       Ice/Transmutation            4
   e - Blade Hands                    Transmutation                5
Comestibles
 c - 11 rations


   Skills:
 + Level 4.5 Fighting
 + Level 6.4 Dodging
 * Level 7.1 Unarmed Combat
 + Level 4.4 Spellcasting
 * Level 7.3 Transmutations
 + Level 3.9 Invocations


You couldn't memorise any spells.
You knew the following spells:

 Your Spells              Type           Power        Failure   Level  Hunger
a - Beastly Appendage     Tmut           ####..       1%          1    None
b - Sticks to Snakes      Tmut           ####....     1%          2    ##.....
c - Spider Form           Tmut/Pois      ##........   12%         3    ###....
d - Blade Hands           Tmut           ####......   22%         5    ######.
e - Ice Form              Ice/Tmut       ##......     36%         4    ####...


Dungeon Overview and Level Annotations

Branches:
Dungeon (7/15)             Temple (0/1) D:5

Altars:
Ashenzari
Cheibriados
Hepliaklqana
Makhleb
Nemelex Xobeh
Okawaru
Vehumet
The Shining One


Innate Abilities, Weirdness & Mutations

You cannot wear armour.
You are incapable of wielding weapons or throwing items.
Your paws allow you to move quietly. (Stealth)
You have sharp claws.
You have razor-sharp teeth.
You have supernaturally acute eyesight. (SInv)
You are carnivorous and can eat meat at any time.
You cover ground quickly.
You are covered in thick fur. (AC +2)
You have a slow metabolism.
Your sharp claws are effective at attacking unaware monsters.


Message History

You are too injured to fight recklessly!
You are too injured to fight recklessly!
You are too injured to fight recklessly!
You are too injured to fight recklessly!
You are too injured to fight recklessly!
You are too injured to fight recklessly!
You hit the jelly. The acid corrodes you!
Your front legs burn!
The jelly is lightly wounded.
The jelly completely misses you.
You hit the jelly but do no damage.
Your front legs burn!
* * * LOW HITPOINT WARNING * * *
The jelly is lightly wounded.
Your transformation has ended.
You claw the jelly!
Your paws burn!
* * * LOW HITPOINT WARNING * * *
The jelly is severely wounded.
The jelly hits you.
* * * LOW HITPOINT WARNING * * *
You are splashed with acid!
The acid burns!
You die...

.............
##............... .##
................
..######...............
#......##...........†.#
#............#.>...##
#.........########)#
#.$.†.....##...##..#
#..†@†.......#.##.##
#...J.....#.......#
#.............##...###
....#....####.####...)..
... #.#### #.# #.####.
## ... #.# #)# ## ###.
.... ..# ### ..
......%###.) ..........#


You could see a jelly.

Vanquished Creatures
  Pikel (D:4)
  Prince Ribbit (D:6)
  Sigmund (D:4)
  Edmund (D:6)
  An orc warrior (D:7)
  A sky beast (D:2)
  An ice beast (D:6)
  2 ogres
  4 bullfrogs
  2 howler monkeys
  A centaur skeleton (D:6)
  A hound (D:7)
  4 orc priests
  A jelly (D:4)
  2 orc wizards
  A bullfrog skeleton (D:5)
  An iguana (D:4)
  Natasha (D:2)
  6 worker ants
  A worker ant zombie (D:5)
  Robin (D:2)
  17 adders
  3 river rats (D:5)
  2 adder skeletons
  2 worms (D:5)
  3 dart slugs
  5 leopard geckos
  17 orcs
  5 ball pythons (Sewer)
  5 bats
  3 giant cockroaches
  14 goblins
  10 hobgoblins
  16 jackals
  13 kobolds
  2 quokkas
  2 frilled lizards (Sewer)
  8 rats
162 creatures vanquished.

Vanquished Creatures (collateral kills)
  A howler monkey zombie (D:5)
  A worm (D:5)
2 creatures vanquished.

Vanquished Creatures (others)
  A leopard gecko (D:4)
  An orc (D:4)
  A hobgoblin (D:2)
  A plant (Sewer)
4 creatures vanquished.

Grand Total: 168 creatures vanquished

Notes
Turn   | Place    | Note
-------+----------+-------------------------------------------
     0 | D:1      | kae the Felid Transmuter began the quest for the Orb.
     0 | D:1      | Reached XP level 1. HP: 9/9 MP: 4/4
   201 | D:1      | Reached XP level 2. HP: 9/12 MP: 4/6
   318 | D:1      | Learned a level 2 spell: Sticks to Snakes
   994 | D:1      | Reached XP level 3. HP: 15/15 MP: 5/7
   999 | D:1      | Learned a level 3 spell: Spider Form
  1608 | D:2      | Found an iron altar of Okawaru.
  1636 | D:2      | Became a worshipper of Warmaster Okawaru
  1814 | D:2      | Reached XP level 4. HP: 18/19 MP: 4/8
  1986 | D:2      | Noticed Robin
  2007 | D:2      | Hit by a goblin thrown by Robin
  2008 | D:2      | Reached XP level 3. HP: -2/15 MP: 5/7
  2030 | D:2      | Killed Robin
  2078 | D:2      | Found a sparkling altar of Nemelex Xobeh.
  2079 | D:2      | Noticed a sky beast
  2093 | D:2      | Killed a sky beast
  2093 | D:2      | Reached * piety under Okawaru
  2093 | D:2      | Reached skill level 1 in Invocations
  2093 | D:2      | Reached XP level 4. HP: 9/19 MP: 5/8
  2093 | D:2      | Reached XP level 5. HP: 11/22 MP: 5/9
  2336 | D:2      | Noticed Natasha
  2343 | D:2      | Killed Natasha
  2381 | D:2      | Found a radiant altar of Vehumet.
  2790 | D:3      | Found a hazy altar of Hepliaklqana.
  3390 | D:4      | Noticed a slave
  3580 | D:4      | Noticed an ogre
  3592 | D:4      | Killed an ogre
  3592 | D:4      | Gained mutation: You are covered in thick fur. (AC +2) [Felid growth]
  3592 | D:4      | Reached XP level 6. HP: 27/27 MP: 8/11
  3642 | D:4      | Noticed Sigmund
  3656 | D:4      | Killed Sigmund
  3656 | D:4      | Reached ** piety under Okawaru
  3656 | D:4      | Reached XP level 7. HP: 14/30 MP: 3/12
  3727 | D:4      | Learned a level 5 spell: Blade Hands
  3900 | D:4      | Noticed Pikel
  3922 | D:4      | Killed Pikel
  3922 | D:4      | Reached *** piety under Okawaru
  3922 | D:4      | Reached skill level 5 in Dodging
  3922 | D:4      | Reached skill level 5 in Unarmed Combat
  3922 | D:4      | Reached skill level 5 in Transmutations
  3922 | D:4      | Reached XP level 8. HP: 16/34 MP: 11/14
  4539 | D:5      | Entered Level 5 of the Dungeon
  4731 | D:5      | Found a glowing drain.
  4751 | Sewer    | Entered a sewer
  5883 | D:5      | Found a staircase to the Ecumenical Temple.
  5910 | D:5      | Found a glowing golden altar of the Shining One.
  6161 | D:5      | Found a snail-covered altar of Cheibriados.
  6202 | D:5      | Found a shattered altar of Ashenzari.
  6899 | D:6      | Found a burning altar of Makhleb.
  6996 | D:6      | Noticed Prince Ribbit
  7007 | D:6      | Killed Prince Ribbit
  7185 | D:6      | Noticed Edmund
  7468 | D:6      | Killed Edmund
  7519 | D:6      | Reached XP level 9. HP: 6/39 MP: 10/16
  9100 | D:7      | Learned a level 4 spell: Ice Form
  9143 | D:7      | Slain by an orc warrior
  9144 | D:7      | Reached XP level 8. HP: 0/36 MP: 15/15
  9313 | D:7      | Reached **** piety under Okawaru
  9328 | D:7      | Splashed by a jelly's acid

Skill      XL: |  1  2  3  4  5  6  7  8  9 |
---------------+----------------------------+-----
Dodging        | 3 4 5 6 |  6.4
Transmutations | 3 4 5 6 7 |  7.3
Fighting       | 2 3 4 |  4.5
Unarmed Combat | 4 5 6 7 |  7.1
Invocations    | 1 2 3 |  3.9
Spellcasting   | 3 4 |  4.4

Action                   |  1- 3 |  4- 6 |  7- 9 || total
-------------------------+-------+-------+-------++-------
Melee: Unarmed           |   103 |   108 |   411 ||   622
       Bite              |     7 |     2 |    13 ||    22
       Headbutt          |     6 |       |       ||     6
       Punch             |       |     1 |     7 ||     8
 Cast: Beastly Appendage |    16 |     1 |       ||    17
       Spider Form       |     6 |    11 |    31 ||    48
       Sticks to Snakes  |       |       |     7 ||     7
Invok: Heroism           |       |       |     6 ||     6
  Use: Scroll            |       |     3 |     6 ||     9
 Stab: Sleeping          |     5 |     1 |     2 ||     8
       Distracted        |       |       |     1 ||     1
  Eat: Chunk             |    12 |     9 |    18 ||    39
Armor: Skin              |     2 |     5 |    13 ||    20
Dodge: Dodged            |    88 |    95 |   339 ||   522
